[Event "Turkish Super League 2019"]
[Site "Konya"]
[Date "2019.07.27"]
[Round "12"]
[White "Iljiushenok, Ilia"]
[Black "Abasov, Nijat"]
[Result "1-0"]
[ECO "B30"]
[WhiteElo "2520"]
[BlackElo "2641"]
[Annotator "ChessBase"]
[PlyCount "103"]
[EventDate "2019.07.17"]
[EventType "team-tourn"]
[EventCountry "TUR"]
[SourceTitle "playchess.com"]
[Source "ChessBase"]
[SourceQuality "1"]
[TimeControl "40/5400+30:1800+30"]

1. e4 c5 2. Nc3 Nc6 3. Nf3 e5 4. Bc4 Be7 5. d3 Nf6 6. O-O O-O 7. a4 d6 8. h3 Nb4 9. Ne2 Be6 10. Bxe6 fxe6 11. Ng3 Nc6 12. c3 d5 13. Bd2 Qc7 14. Qe2 Nd7 15. Rab1 d4 16. cxd4 exd4 17. Ng5 Bxg5 18. Bxg5 Nde5 19. Bd2 Ng6 20. Nh5 e5 21. b4 cxb4 22. Bxb4 Rf7 23. Rfc1 Qd7 24. Ba3 Nd8 25. Rc4 Ne6 26. Qg4 Re8 27. Rb5 Nef4 28. Nxf4 Qxg4 29. hxg4 Nxf4 30. Rxe5 Rd8 31. g3 Nh3+ 32. Kg2 Nxf2 33. Rxd4 Rc8 34. Rc5 Rb8 35. Rcd5 h6 36. Rd8+ Rxd8 37. Rxd8+ Kh7 38. e5 Nxg4 39. e6 Ne3+ 40. Kh3 Rf1 41. g4 Rf3+ 42. Kh2 Nxg4+ 43. Kg2 Re3 44. e7 Nf6 45. Bc5 Re6 46. d4 b6 47. Ba3 Re3 48. Bd6 Kg6 49. Rf8 Re6 50. Ba3 Re3 51. d5 Rxa3 52. Rxf6+ 1-0

[Event "Turkish Super League 2019"]
[Site "Konya"]
[Date "2019.07.27"]
[Round "12"]
[White "Asadli, Vugar"]
[Black "Visakh N R"]
[Result "1/2-1/2"]
[ECO "B90"]
[WhiteElo "2502"]
[BlackElo "2526"]
[Annotator "ChessBase"]
[PlyCount "63"]
[EventDate "2019.07.17"]
[EventType "team-tourn"]
[EventCountry "TUR"]
[SourceTitle "playchess.com"]
[Source "ChessBase"]
[SourceQuality "1"]
[TimeControl "40/5400+30:1800+30"]

1. e4 c5 2. Nc3 a6 3. Nf3 d6 4. d4 cxd4 5. Nxd4 Nf6 6. h3 e5 7. Nde2 h5 8. Bg5 Be6 9. Bxf6 Qxf6 10. Nd5 Qd8 11. Qd3 Nd7 12. O-O-O g6 13. Kb1 Nc5 14. Qf3 Bg7 15. Nec3 Rc8 16. Rg1 b5 17. a3 Kf8 18. g4 Qg5 19. Be2 hxg4 20. hxg4 Bh6 21. Rg3 Bg7 22. Ne3 Rd8 23. Nf5 Qf4 24. Qg2 Bf6 25. Ne3 Qg5 26. Ncd5 Bxd5 27. Nxd5 Ne6 28. Rh3 Rxh3 29. Qxh3 Bg7 30. Qc3 Nd4 31. Bf3 Qh4 32. Rh1 1/2-1/2

[Event "Turkish Super League 2019"]
[Site "Konya"]
[Date "2019.07.27"]
[Round "12"]
[White "Atalik, Ekaterina"]
[Black "Savina, Anastasia"]
[Result "1-0"]
[ECO "A48"]
[WhiteElo "2459"]
[BlackElo "2344"]
[Annotator "ChessBase"]
[PlyCount "77"]
[EventDate "2019.07.17"]
[EventType "team-tourn"]
[EventCountry "TUR"]
[SourceTitle "playchess.com"]
[Source "ChessBase"]
[SourceQuality "1"]
[TimeControl "40/5400+30:1800+30"]

1. Nf3 g6 2. d4 Bg7 3. g3 Nf6 4. b3 O-O 5. Bb2 b5 6. Bg2 Bb7 7. O-O d6 8. Na3 c6 9. Ne1 b4 10. Nc4 Nbd7 11. Nd3 a5 12. a3 d5 13. Nce5 Nxe5 14. dxe5 Nd7 15. e4 dxe4 16. Bxe4 Qc7 17. axb4 axb4 18. Rxa8 Bxa8 19. e6 Bxb2 20. exf7+ Rxf7 21. Nxb2 Nf6 22. Bg2 Bb7 23. Nd3 Ba6 24. Re1 Bxd3 25. Qxd3 Qb6 26. Qe3 Qxe3 27. Rxe3 c5 28. Bh3 Rf8 29. Rxe7 Ra8 30. Rc7 Ne4 31. Be6+ Kf8 32. Bd5 Ra1+ 33. Kg2 Nc3 34. Bc4 Rd1 35. Rf7+ Ke8 36. Rxh7 g5 37. Rg7 Rd2 38. Rxg5 Rxc2 39. Rxc5 1-0

[Event "Turkish Super League 2019"]
[Site "Konya"]
[Date "2019.07.27"]
[Round "12"]
[White "Soysal, Serkan"]
[Black "Yurtseven, Melih"]
[Result "0-1"]
[ECO "A46"]
[WhiteElo "2431"]
[BlackElo "2381"]
[Annotator "NA"]
[PlyCount "108"]
[EventDate "2019.07.17"]
[EventType "team-tourn"]
[EventCountry "TUR"]
[SourceTitle "playchess.com"]
[Source "ChessBase"]
[SourceQuality "1"]
[TimeControl "40/5400+30:1800+30"]

1. d4 Nf6 2. Nf3 c5 3. c3 b6 4. Bg5 Bb7 5. Nbd2 d5 6. e3 Nbd7 7. Bd3 g6 8. Bxf6 exf6 9. O-O f5 10. dxc5 bxc5 11. Bb5 a6 12. Bxd7+ Qxd7 13. Ne5 Qb5 14. c4 dxc4 15. Ndxc4 Rd8 16. Qc2 Be4 17. Qb3 f6 18. Nf3 Rd3 19. Qxb5+ axb5 20. Na3 Bc6 21. Rac1 Kd7 22. Rfd1 Rxd1+ 23. Rxd1+ Kc7 24. Nb1 Bd6 25. a3 Ra8 26. Nbd2 f4 27. exf4 Bxf4 28. Nb3 Bxf3 29. gxf3 Kc6 30. Nc1 c4 31. Na2 Bd6 32. Rd4 g5 33. h3 Kc5 34. Rd2 Bf4 35. Rd1 Be5 36. Rd2 Ra6 37. Kf1 Bf4 38. Rd7 Be5 39. Rd2 Re6 40. Nc3 Bxc3 41. bxc3 Ra6 42. Ra2 f5 43. Ra1 f4 44. Ke2 Re6+ 45. Kd2 Rd6+ 46. Kc2 Rd3 47. Rg1 h6 48. h4 gxh4 49. Rh1 Rxf3 50. Rxh4 Rxf2+ 51. Kb1 f3 52. Rh5+ Kd6 53. Kc1 Ra2 54. Kd1 Ra1+ 0-1

[Event "Turkish Super League 2019"]
[Site "Konya"]
[Date "2019.07.27"]
[Round "12"]
[White "Gulbas, Cemil"]
[Black "Arat, Ufuk Sezen"]
[Result "0-1"]
[ECO "C42"]
[WhiteElo "2380"]
[BlackElo "2376"]
[Annotator "NA"]
[PlyCount "98"]
[EventDate "2019.07.17"]
[EventType "team-tourn"]
[EventCountry "TUR"]
[SourceTitle "playchess.com"]
[Source "ChessBase"]
[SourceQuality "1"]
[TimeControl "40/5400+30:1800+30"]

1. e4 e5 2. Nf3 Nf6 3. Nxe5 d6 4. Nf3 Nxe4 5. Nc3 Nxc3 6. dxc3 Be7 7. Be3 O-O 8. Qd2 Nd7 9. O-O-O c6 10. h3 d5 11. Nd4 Nc5 12. f3 Ne6 13. Nf5 Bg5 14. f4 Bf6 15. g4 d4 16. cxd4 Qd5 17. Kb1 Qxh1 18. Bg2 Qxd1+ 19. Qxd1 Rd8 20. Qg1 Nc7 21. Ng3 Nd5 22. Bd2 Nb6 23. c3 Bh4 24. Nf1 Be6 25. b3 Re8 26. Ne3 Rad8 27. Kc2 g6 28. Bf3 Bd5 29. Nxd5 Nxd5 30. c4 Nc7 31. Ba5 Rd7 32. f5 Bf6 33. Bxc7 Rxc7 34. g5 Be7 35. h4 Bd6 36. f6 Rd7 37. Qg4 Rdd8 38. c5 Bf8 39. b4 Re1 40. b5 cxb5 41. Bxb7 b4 42. Qf4 Rde8 43. Bd5 R8e3 44. Qg4 h5 45. gxh6 Kh8 46. Bc4 Bxh6 47. Bd3 Rc1+ 48. Kxc1 Rg3+ 49. Qg5 Bxg5+ 0-1

[Event "Turkish Super League 2019"]
[Site "Konya"]
[Date "2019.07.27"]
[Round "12"]
[White "Tarlabasi, Emirhan"]
[Black "Ozen, Deniz"]
[Result "1/2-1/2"]
[ECO "D19"]
[WhiteElo "2352"]
[BlackElo "2430"]
[Annotator "NA"]
[PlyCount "63"]
[EventDate "2019.07.17"]
[EventType "team-tourn"]
[EventCountry "TUR"]
[SourceTitle "playchess.com"]
[Source "ChessBase"]
[SourceQuality "1"]
[TimeControl "40/5400+30:1800+30"]

1. d4 d5 2. c4 c6 3. Nf3 Nf6 4. Nc3 dxc4 5. a4 Bf5 6. e3 e6 7. Bxc4 Bb4 8. O-O Nbd7 9. Qe2 O-O 10. e4 Bg4 11. Rd1 Qc7 12. h3 Bxf3 13. Qxf3 e5 14. d5 cxd5 15. Bxd5 Bxc3 16. Qxc3 Qxc3 17. bxc3 Nc5 18. Ba3 Rfc8 19. Bxc5 Rxc5 20. Bxb7 Rb8 21. a5 Kf8 22. a6 Rxc3 23. Rac1 Rxc1 24. Rxc1 Ne8 25. g3 Ke7 26. Rc5 f6 27. f4 Kd6 28. Rd5+ Ke6 29. Rb5 Kd6 30. Rd5+ Ke6 31. Rb5 Kd6 32. Rd5+ 1/2-1/2

[Event "Turkish Super League 2019"]
[Site "Konya"]
[Date "2019.07.27"]
[Round "12"]
[White "Ozturk, Kubra"]
[Black "Tsolakidou, Stavroula"]
[Result "0-1"]
[ECO "E20"]
[WhiteElo "2317"]
[BlackElo "2423"]
[Annotator "NA"]
[PlyCount "100"]
[EventDate "2019.07.17"]
[EventType "team-tourn"]
[EventCountry "TUR"]
[SourceTitle "playchess.com"]
[Source "ChessBase"]
[SourceQuality "1"]
[TimeControl "40/5400+30:1800+30"]

1. d4 Nf6 2. c4 e6 3. Nc3 Bb4 4. g3 O-O 5. Bg2 d6 6. Nf3 Bxc3+ 7. bxc3 Nbd7 8. O-O Re8 9. Bf4 Qe7 10. h3 h6 11. Qc2 e5 12. Be3 e4 13. Nd2 b6 14. Rae1 Bb7 15. f3 Rab8 16. g4 b5 17. f4 Nb6 18. g5 hxg5 19. fxg5 Nh5 20. g6 fxg6 21. cxb5 Nd5 22. Qb3 Ng3 23. Rf4 Kh8 24. Rg4 Nxe3 25. Rxg3 Qh4 26. Kh2 Nf5 27. Nf1 Nxg3 28. Nxg3 Rf8 29. Qe6 Rf2 30. Rf1 Rbf8 31. d5 Rxf1 32. Nxf1 Rf2 33. Ng3 Qg5 34. c4 e3 35. a4 Kh7 36. a5 Rf8 37. Qe4 Bc8 38. h4 Qg4 39. h5 Rf6 40. hxg6+ Rxg6 41. Qxg4 Rxg4 42. Be4+ g6 43. Bd3 Rf4 44. Kg2 Kg7 45. a6 Kf6 46. Ne4+ Ke5 47. Nc3 Bf5 48. Bxf5 gxf5 49. c5 dxc5 50. d6 Kxd6 0-1

[Event "Turkish Super League 2019"]
[Site "Konya"]
[Date "2019.07.27"]
[Round "12"]
[White "Tasdogen, Dincer"]
[Black "Annaberdiyev, Babageldi"]
[Result "1-0"]
[ECO "B15"]
[WhiteElo "2310"]
[BlackElo "2244"]
[Annotator "NA"]
[PlyCount "105"]
[EventDate "2019.07.17"]
[EventType "team-tourn"]
[EventCountry "TUR"]
[SourceTitle "playchess.com"]
[Source "ChessBase"]
[SourceQuality "1"]
[TimeControl "40/5400+30:1800+30"]

1. e4 c6 2. d4 d5 3. Nc3 dxe4 4. Nxe4 Nf6 5. Nxf6+ exf6 6. c3 Bd6 7. Bd3 O-O 8. Ne2 Re8 9. O-O Nd7 10. Bf4 Nf8 11. Qd2 Ng6 12. Bxd6 Qxd6 13. Ng3 Qf4 14. Qxf4 Nxf4 15. Rfe1 Be6 16. Bf1 f5 17. c4 Red8 18. Rad1 Rd7 19. Rd2 Rad8 20. Red1 g5 21. b3 Kg7 22. Ne2 Nh5 23. d5 cxd5 24. Nd4 Nf6 25. c5 Ng4 26. Re1 Kf6 27. f3 Ne5 28. Rde2 Nc6 29. Nxe6 fxe6 30. Rxe6+ Kf7 31. h4 gxh4 32. Rh6 Kg7 33. Rxh4 d4 34. Bd3 Re7 35. Rxe7+ Nxe7 36. Kf2 Ng6 37. Rh1 Rd5 38. b4 Ne7 39. g4 h6 40. gxf5 a5 41. Re1 Nc6 42. Be4 Rd7 43. b5 Nb4 44. a3 Na2 45. c6 bxc6 46. bxc6 Rc7 47. Rg1+ Kf8 48. Bd5 Nc3 49. Rg8+ Ke7 50. Rg7+ Kd6 51. Rxc7 Kxc7 52. f6 d3 53. Ke1 1-0

[Event "Turkish Super League 2019"]
[Site "Konya"]
[Date "2019.07.27"]
[Round "12"]
[White "Caglar, Sila"]
[Black "Mammadzada, Gunay"]
[Result "1/2-1/2"]
[ECO "B94"]
[WhiteElo "2306"]
[BlackElo "2427"]
[Annotator "NA RC"]
[PlyCount "43"]
[EventDate "2019.07.17"]
[EventType "team-tourn"]
[EventCountry "TUR"]
[SourceTitle "playchess.com"]
[Source "ChessBase"]
[SourceQuality "1"]
[TimeControl "40/5400+30:1800+30"]

1. e4 c5 2. Nf3 d6 3. d4 cxd4 4. Nxd4 Nf6 5. Nc3 a6 6. Bg5 Nbd7 7. Qe2 h6 8. Bh4 g6 9. f4 e5 10. fxe5 dxe5 11. O-O-O Qc7 12. Nb3 b5 13. Rxd7 Nxd7 14. Nd5 Qb8 15. Na5 Bg7 16. Qf3 O-O 17. Be7 Re8 18. Nc6 Qb7 19. Na5 Qb8 20. Nc6 Qb7 21. Na5 Qb8 22. Nc6 1/2-1/2

[Event "Turkish Super League 2019"]
[Site "Konya"]
[Date "2019.07.27"]
[Round "12"]
[White "Dordzhieva, Dinara"]
[Black "Ayan, Bengu Sena"]
[Result "1-0"]
[ECO "A11"]
[WhiteElo "2306"]
[BlackElo "1885"]
[Annotator "NA"]
[PlyCount "115"]
[EventDate "2019.07.17"]
[EventType "team-tourn"]
[EventCountry "TUR"]
[SourceTitle "playchess.com"]
[Source "ChessBase"]
[SourceQuality "1"]
[TimeControl "40/5400+30:1800+30"]

1. Nf3 d5 2. c4 c6 3. g3 Nf6 4. Bg2 g6 5. b3 Bg7 6. Bb2 O-O 7. O-O Nbd7 8. d3 Re8 9. d4 Ne4 10. e3 b6 11. Nbd2 Ndf6 12. Ne5 Bb7 13. Rc1 Rc8 14. Nxe4 Nxe4 15. Qe2 f6 16. Nf3 e5 17. Rfd1 Qe7 18. Bh3 Rc7 19. cxd5 cxd5 20. Rxc7 Qxc7 21. Rc1 Qf7 22. Qc2 Ba6 23. Qc7 Be2 24. Bg2 exd4 25. Nxd4 Bd3 26. Qxf7+ Kxf7 27. Rd1 Ba6 28. Nc6 Bb7 29. Nb4 Ke6 30. Bh3+ Kd6 31. Ba3 Nc5 32. Bg2 Kc7 33. Nxd5+ Kb8 34. Bb2 Rd8 35. Bf3 Rd7 36. e4 f5 37. Bxg7 Rxg7 38. exf5 gxf5 39. Re1 Ne4 40. Ne3 Nd2 41. Bxb7 Kxb7 42. Rd1 Nf3+ 43. Kg2 Nh4+ 44. Kh3 f4 45. Kxh4 fxe3 46. fxe3 Re7 47. Re1 Kc6 48. e4 Kd6 49. e5+ Ke6 50. Re2 Rg7 51. g4 Rg6 52. Kh5 Rg7 53. g5 Rf7 54. Kg4 Rf1 55. h4 Rg1+ 56. Kh5 Rh1 57. Re4 Kf5 58. e6 1-0

[Event "Turkish Super League 2019"]
[Site "Konya"]
[Date "2019.07.27"]
[Round "12"]
[White "Sevgi, Volkan"]
[Black "Tezcan, Emre"]
[Result "1-0"]
[ECO "B25"]
[WhiteElo "2302"]
[BlackElo "2082"]
[Annotator "NA"]
[PlyCount "115"]
[EventDate "2019.07.17"]
[EventType "team-tourn"]
[EventCountry "TUR"]
[SourceTitle "playchess.com"]
[Source "ChessBase"]
[SourceQuality "1"]
[TimeControl "40/5400+30:1800+30"]

1. e4 c5 2. Nc3 Nc6 3. g3 g6 4. Bg2 Bg7 5. d3 d6 6. Be3 Qa5 7. Qd2 Nd4 8. f4 e6 9. Nf3 Ne7 10. O-O O-O 11. Nd5 Qd8 12. Nxe7+ Qxe7 13. c3 Nxf3+ 14. Bxf3 Bd7 15. d4 cxd4 16. cxd4 Bb5 17. Rfc1 Qd7 18. Rc2 d5 19. e5 Rfc8 20. Rac1 Bf8 21. g4 Be7 22. Qa5 Rxc2 23. Rxc2 Bd8 24. Qc3 Bb6 25. b3 a5 26. a4 Ba6 27. Bf2 Qe7 28. Qe3 f6 29. f5 gxf5 30. gxf5 fxe5 31. Qxe5 Qg5+ 32. Kh1 Qxf5 33. Qxf5 exf5 34. Bxd5+ Kg7 35. Be3 f4 36. Bxf4 Bxd4 37. Rc7+ Kf6 38. Bxb7 Bxb7+ 39. Rxb7 Kf5 40. Bg3 h6 41. Kg2 Ke4 42. Kh3 Kd3 43. Be1 Kc2 44. Rb5 Re8 45. Bxa5 Re3+ 46. Kg4 Rxb3 47. Bc7 Ra3 48. a5 Kd3 49. h4 Ra4 50. Kh5 Bf6 51. Bg3 Bc3 52. Kxh6 Rxa5 53. Rxa5 Bxa5 54. Kg6 Ke4 55. h5 Kf3 56. Bh4 Kg4 57. Bg5 Bc3 58. h6 1-0

[Event "Turkish Super League 2019"]
[Site "Konya"]
[Date "2019.07.27"]
[Round "12"]
[White "Eren, Ataberk"]
[Black "Ali Marandi, Cemil Can"]
[Result "0-1"]
[ECO "E48"]
[WhiteElo "2295"]
[BlackElo "2527"]
[Annotator "ChessBase"]
[PlyCount "72"]
[EventDate "2019.07.17"]
[EventType "team-tourn"]
[EventCountry "TUR"]
[SourceTitle "playchess.com"]
[Source "ChessBase"]
[SourceQuality "1"]
[TimeControl "40/5400+30:1800+30"]

1. d4 Nf6 2. c4 e6 3. Nc3 Bb4 4. e3 O-O 5. Bd3 b6 6. Nge2 Bb7 7. O-O d5 8. cxd5 exd5 9. Ng3 Re8 10. a3 Bf8 11. b4 Nbd7 12. Rb1 a6 13. a4 c6 14. a5 bxa5 15. bxa5 Ra7 16. Qa4 c5 17. Ba3 Qa8 18. dxc5 Bxc5 19. Rfe1 Bc6 20. Qb3 Rb7 21. Qa2 d4 22. exd4 Rxb1 23. Rxb1 Bxd4 24. Nce2 Ba7 25. Nf4 Ne5 26. Bf1 Qd8 27. Nf5 Nfg4 28. Nh3 Be4 29. Nd6 Bxb1 30. Qxb1 Nxf2 31. Nxf2 Qh4 32. Qa2 Re6 33. Nf5 Qf4 34. Qc2 Qxf2+ 35. Qxf2 Bxf2+ 36. Kh1 Nc6 0-1

[Event "Turkish Super League 2019"]
[Site "Konya"]
[Date "2019.07.27"]
[Round "12"]
[White "Maltsevskaya, Aleksandra"]
[Black "Buksa, Nataliya"]
[Result "0-1"]
[ECO "D43"]
[WhiteElo "2294"]
[BlackElo "2379"]
[Annotator "NA"]
[PlyCount "82"]
[EventDate "2019.07.17"]
[EventType "team-tourn"]
[EventCountry "TUR"]
[SourceTitle "playchess.com"]
[Source "ChessBase"]
[SourceQuality "1"]
[TimeControl "40/5400+30:1800+30"]

1. d4 Nf6 2. Nf3 e6 3. c4 d5 4. Nc3 Nbd7 5. Qc2 c6 6. e4 dxe4 7. Nxe4 Nxe4 8. Qxe4 Nf6 9. Qc2 c5 10. Be3 cxd4 11. O-O-O Qa5 12. Nxd4 Bd7 13. Kb1 Rc8 14. Qb3 Bb4 15. Nb5 O-O 16. a3 Bc5 17. Bxc5 Rxc5 18. Qb4 Qb6 19. Rd6 Bc6 20. f3 Ne8 21. Rd1 a5 22. Qb3 Bxb5 23. cxb5 Nf6 24. Bd3 Rd8 25. Be4 Nxe4 26. Rxd8+ Qxd8 27. fxe4 h6 28. Rd1 Qc7 29. g3 Qe5 30. Qf3 Rxb5 31. Rd2 a4 32. Rf2 f6 33. Qd3 Rb3 34. Qc2 b5 35. Re2 b4 36. axb4 Rxb4 37. Ka2 Kh7 38. Re3 Qb5 39. h3 h5 40. Qd1 Rxb2+ 41. Ka1 Qe5 0-1

[Event "Turkish Super League 2019"]
[Site "Konya"]
[Date "2019.07.27"]
[Round "12"]
[White "Yildiz Kadioglu, Betul Cemre"]
[Black "Osmak, Iulija"]
[Result "0-1"]
[ECO "E06"]
[WhiteElo "2290"]
[BlackElo "2395"]
[Annotator "NA"]
[PlyCount "156"]
[EventDate "2019.07.17"]
[EventType "team-tourn"]
[EventCountry "TUR"]
[SourceTitle "playchess.com"]
[Source "ChessBase"]
[SourceQuality "1"]
[TimeControl "40/5400+30:1800+30"]

1. d4 Nf6 2. Nf3 e6 3. g3 d5 4. Bg2 c6 5. O-O Be7 6. c4 O-O 7. Qc2 b6 8. cxd5 cxd5 9. Bf4 Bb7 10. Rc1 Nc6 11. Nbd2 Nh5 12. Be3 Bd6 13. Nf1 Qd7 14. Qa4 Rfc8 15. Bd2 Nf6 16. Bf4 Bf8 17. Qd1 Na5 18. Rxc8 Rxc8 19. Rc1 Ne8 20. Rxc8 Qxc8 21. Qc1 Qd7 22. Qc2 Ba6 23. e3 f6 24. h4 Qc6 25. N1d2 Kf7 26. Qxc6 Nxc6 27. g4 Ke7 28. a3 Kd7 29. Bf1 Bxf1 30. Kxf1 Na5 31. Ke2 b5 32. Kd3 Nc4 33. Kc2 Bd6 34. Bxd6 Nexd6 35. Ne1 Ne4 36. Nxc4 bxc4 37. f3 Nd6 38. f4 Kc6 39. Nf3 Ne4 40. g5 Ng3 41. Ne1 Kb5 42. b3 Nf5 43. Ng2 a5 44. Kc3 cxb3 45. Kxb3 a4+ 46. Kc3 Nd6 47. Ne1 Nf5 48. Ng2 h6 49. gxf6 gxf6 50. Kd3 Nd6 51. Ne1 Nc4 52. Nc2 h5 53. Kc3 Nd6 54. Ne1 Ka5 55. Kd3 Nb5 56. Nc2 Kb6 57. Ke2 Nc3+ 58. Kd3 Nb1 59. Ke2 Kb5 60. Kd3 f5 61. Ne1 Nxa3 62. Kc3 Nc4 63. Nf3 Kc6 64. Kb4 a3 65. Kb3 Nxe3 66. Kxa3 Ng2 67. Ne5+ Kb5 68. Kb3 Nxh4 69. Kc3 Ng2 70. Kd3 h4 71. Ke2 h3 72. Kf3 Nxf4 73. Kg3 Ne2+ 74. Kxh3 Nxd4 75. Kg3 Kc5 76. Kf4 Nc6 77. Nf3 d4 78. Ng5 Kd5 0-1

[Event "Turkish Super League 2019"]
[Site "Konya"]
[Date "2019.07.27"]
[Round "12"]
[White "Dogan, Nazmi Can"]
[Black "Ertan, Can"]
[Result "0-1"]
[ECO "C54"]
[WhiteElo "2276"]
[BlackElo "2396"]
[Annotator "NA"]
[PlyCount "112"]
[EventDate "2019.07.17"]
[EventType "team-tourn"]
[EventCountry "TUR"]
[SourceTitle "playchess.com"]
[Source "ChessBase"]
[SourceQuality "1"]
[TimeControl "40/5400+30:1800+30"]

1. e4 e5 2. Nf3 Nc6 3. Bc4 Nf6 4. d3 Bc5 5. O-O d6 6. c3 O-O 7. h3 Na5 8. Bb5 a6 9. Ba4 Ba7 10. Re1 b5 11. Bc2 c5 12. Nbd2 Re8 13. Nh2 d5 14. Qf3 Bb7 15. Ndf1 Re6 16. Bg5 h6 17. Bh4 g5 18. Bg3 c4 19. exd5 cxd3 20. Qxd3 e4 21. Qe2 Nxd5 22. Ne3 Nxe3 23. fxe3 Nc4 24. Nf1 Nxb2 25. Bb3 Nc4 26. a4 Qd3 27. axb5 axb5 28. Bxc4 Qxc4 29. Qxc4 bxc4 30. Kh2 Bb6 31. Rxa8+ Bxa8 32. Nd2 Bd5 33. Nf1 Rc6 34. Be5 f6 35. Bg3 Kf7 36. Rb1 Ke6 37. Kg1 Ba5 38. Be1 Rb6 39. Rxb6+ Bxb6 40. g4 f5 41. gxf5+ Kxf5 42. Kf2 Be6 43. Bd2 Kg6 44. Kg2 g4 45. hxg4 Bxg4 46. Ng3 Bf3+ 47. Kh3 Kg5 48. Bc1 h5 49. Nf1 Be2 50. Ng3 Bd3 51. Kg2 h4 52. Nh1 Be2 53. Nf2 Bf3+ 54. Kh3 Bc7 55. Ba3 Bg3 56. Bd6 Bxf2 0-1

[Event "Turkish Super League 2019"]
[Site "Konya"]
[Date "2019.07.27"]
[Round "12"]
[White "Kilic, Efe Mert"]
[Black "Heberla, Bartlomiej"]
[Result "0-1"]
[ECO "C01"]
[WhiteElo "2275"]
[BlackElo "2534"]
[Annotator "ChessBase"]
[PlyCount "70"]
[EventDate "2019.07.17"]
[EventType "team-tourn"]
[EventCountry "TUR"]
[SourceTitle "playchess.com"]
[Source "ChessBase"]
[SourceQuality "1"]
[TimeControl "40/5400+30:1800+30"]

1. e4 e6 2. d4 d5 3. exd5 exd5 4. Bd3 c5 5. dxc5 Bxc5 6. Nf3 Nf6 7. O-O O-O 8. Bg5 h6 9. Bh4 g5 10. Bg3 Ne4 11. Nbd2 f5 12. Bxb8 Rxb8 13. Nb3 Bb6 14. Nfd4 Qd6 15. c3 Bd7 16. Bb5 Bc6 17. Qh5 Qf6 18. a4 a6 19. Bd3 g4 20. Nxc6 bxc6 21. Bc2 g3 22. hxg3 Nxg3 23. Qf3 Nxf1 24. Rxf1 Rb7 25. a5 Ba7 26. Qd3 Qg5 27. Nd4 Bxd4 28. cxd4 Rg7 29. Qh3 Qg4 30. Qh2 Rf6 31. Bd1 Qxd4 32. Qb8+ Rf8 33. Qd6 Qe4 34. f3 Qd4+ 35. Kh1 Qxb2 0-1

[Event "Turkish Super League 2019"]
[Site "Konya"]
[Date "2019.07.27"]
[Round "12"]
[White "Gunduz, Umut Erdem"]
[Black "Ozen, Bahadir"]
[Result "1/2-1/2"]
[ECO "C54"]
[WhiteElo "2261"]
[BlackElo "2366"]
[Annotator "NA"]
[PlyCount "64"]
[EventDate "2019.07.17"]
[EventType "team-tourn"]
[EventCountry "TUR"]
[SourceTitle "playchess.com"]
[Source "ChessBase"]
[SourceQuality "1"]
[TimeControl "40/5400+30:1800+30"]

1. e4 e5 2. Nf3 Nc6 3. Bc4 Bc5 4. O-O Nf6 5. d3 d6 6. c3 O-O 7. h3 a6 8. Bb3 h6 9. Nbd2 Ba7 10. Re1 Re8 11. Nf1 Be6 12. Be3 Bxe3 13. Nxe3 d5 14. exd5 Nxd5 15. Nxd5 Bxd5 16. d4 Bxb3 17. Qxb3 exd4 18. Qxb7 Qf6 19. Qxc7 dxc3 20. bxc3 Rxe1+ 21. Rxe1 Qxc3 22. Re3 Qc1+ 23. Kh2 Qc4 24. Nd4 Qxd4 25. Qxc6 Qf4+ 26. Kg1 Rd8 27. Re8+ Rxe8 28. Qxe8+ Kh7 29. a4 Qc1+ 30. Kh2 Qf4+ 31. Kg1 Qc1+ 32. Kh2 Qf4+ 1/2-1/2

[Event "Turkish Super League 2019"]
[Site "Konya"]
[Date "2019.07.27"]
[Round "12"]
[White "Osmanodja, Filiz"]
[Black "Daulyte-Cornette, Deimante"]
[Result "0-1"]
[ECO "B03"]
[WhiteElo "2254"]
[BlackElo "2444"]
[Annotator "NA"]
[PlyCount "170"]
[EventDate "2019.07.17"]
[EventType "team-tourn"]
[EventCountry "TUR"]
[SourceTitle "playchess.com"]
[Source "ChessBase"]
[SourceQuality "1"]
[TimeControl "40/5400+30:1800+30"]

1. e4 Nf6 2. e5 Nd5 3. d4 d6 4. c4 Nb6 5. exd6 cxd6 6. Nc3 g6 7. Be3 Bg7 8. Rc1 O-O 9. b3 Bf5 10. h3 d5 11. c5 Nc8 12. g4 Bd7 13. Bg2 e6 14. Qd2 Nc6 15. Nf3 Re8 16. O-O b6 17. Bg5 f6 18. Bf4 bxc5 19. dxc5 Qa5 20. Nd4 Nxd4 21. Qxd4 Ne7 22. b4 Qa3 23. Bd2 Rab8 24. Qe3 Qa6 25. a3 f5 26. Ne2 e5 27. gxf5 gxf5 28. Rfe1 Bb5 29. f4 d4 30. Qb3+ Kf8 31. Ng3 Ba4 32. Qf3 e4 33. Nxe4 fxe4 34. Qxe4 Qf6 35. Qxh7 Bc6 36. Qd3 Bxg2 37. Kxg2 Nf5 38. c6 Rxe1 39. Bxe1 Ne3+ 40. Kh2 Bh6 41. Bg3 Bxf4 42. Qe4 Bxg3+ 43. Kxg3 Re8 44. Qf4 Qxf4+ 45. Kxf4 d3 46. c7 d2 47. c8=Q Rxc8 48. Rxc8+ Ke7 49. Kxe3 d1=Q 50. Rc3 Ke6 51. Rd3 Qf1 52. Kd4 Qf4+ 53. Kc3 Ke5 54. Kb3 Qf1 55. Rc3 Kd4 56. Rc5 Qxh3+ 57. Kb2 Qg2+ 58. Kb3 Qf3+ 59. Kb2 Qe2+ 60. Rc2 Qd3 61. Rc5 Qd1 62. Rc1 Qf3 63. Rc5 Qe4 64. Ra5 Kd3 65. Rc5 a5 66. Kb3 Qe6+ 67. Ka4 axb4 68. axb4 Kd4 69. Ka3 Qa6+ 70. Kb3 Qf1 71. Ka3 Qa1+ 72. Kb3 Qa6 73. Rc1 Qe2 74. Rc5 Qa6 75. Rc1 Qe6+ 76. Ka4 Qa2+ 77. Kb5 Qe2+ 78. Ka4 Qe6 79. Rc5 Kd3 80. Ka3 Qf7 81. Ra5 Kc2 82. Rc5+ Kb1 83. Ka4 Kb2 84. Ra5 Qd7+ 85. Rb5 Kc3 0-1

[Event "Turkish Super League 2019"]
[Site "Konya"]
[Date "2019.07.27"]
[Round "12"]
[White "Citak, Selim"]
[Black "Secer, Ata"]
[Result "1/2-1/2"]
[ECO "D77"]
[WhiteElo "2253"]
[BlackElo "2324"]
[Annotator "NA"]
[PlyCount "52"]
[EventDate "2019.07.17"]
[EventType "team-tourn"]
[EventCountry "TUR"]
[SourceTitle "playchess.com"]
[Source "ChessBase"]
[SourceQuality "1"]
[TimeControl "40/5400+30:1800+30"]

1. d4 Nf6 2. c4 g6 3. Nf3 Bg7 4. g3 O-O 5. Bg2 d5 6. O-O dxc4 7. Na3 Nc6 8. Nxc4 Be6 9. Nce5 Bd5 10. Bf4 Nxe5 11. Bxe5 c6 12. e3 Qb6 13. Qc2 Be4 14. Qd2 Rfd8 15. Rfc1 Nd5 16. Bxg7 Kxg7 17. Ne5 Bxg2 18. Kxg2 Qb4 19. Qxb4 Nxb4 20. Kf1 f6 21. Nf3 Rd7 22. Ke2 Rad8 23. Rc4 Nd5 24. Rc2 Nb4 25. Rc4 Nd5 26. Rc2 Nb4 1/2-1/2